| TOP OF THE 1ST |
|
Binghamton Mets batting - Pitching for West Virginia Power : RHP Josh Markham
|
|
Pitching: RHP Josh Markham
|
|
|
Batting: LHB Tom Prayer
|
0-0: Ball 1-0: Swinging Strike 1-1: Ball 2-1: SINGLE (Groundball, 56, EV 92.5 MPH) (infield hit)
|
|
Batting: RHB Andy Solorzano
|
0-0: Ball 1-0: Ball 2-0: Ball 3-0: Base on Balls Tom Prayer to second
|
|
Batting: SHB Alex Orozco
|
0-0: Ball 1-0: Foul Ball, location: 2F 1-1: Foul Ball, location: 2F 1-2: DOUBLE (Line Drive, 78M, EV 108.1 MPH) Tom Prayer scores Andy Solorzano to third
|
|
Batting: LHB Nate Trahan
|
0-0: Ball 1-0: Ball 2-0: Ball 3-0: Base on Balls
|
|
Batting: LHB Willie Cintron
|
0-0: Called Strike 0-1: Ball 1-1: Ball 2-1: Ball 3-1: Called Strike 3-2: Fielders Choice at 2nd, 4-6 (Groundball, 4, EV 85.0 MPH) Andy Solorzano scores Alex Orozco to third
|
|
Batting: RHB Chris Nelson
|
0-0: Foul Ball, location: 2F 0-1: Swinging Strike 0-2: Ball 1-2: Foul Ball, location: 2F 1-2: Ball 2-2: Foul Ball, location: 2F 2-2: Ball 3-2: Strikes out swinging
|
|
Batting: LHB Elmo Dreier
|
0-0: Ball 1-0: Ball 2-0: Fielders Choice at 2nd, U6 (Groundball, 6M, EV 98.8 MPH)
|
| Top of the 1st over - 2 runs, 2 hits, 0 errors, 2 left on base; Binghamton 2 - West Virginia 0 |
| BOTTOM OF THE 1ST |
|
West Virginia Power batting - Pitching for Binghamton Mets : RHP Lawrence Luning
|
|
Pitching: RHP Lawrence Luning
|
|
|
Batting: LHB Micah Boshnjaku
|
0-0: Called Strike 0-1: Foul Ball, location: 2F 0-2: Foul Ball, location: 2F 0-2: Ball 1-2: Ball 2-2: Foul Ball, location: 2F 2-2: Ball 3-2: Strikes out swinging
|
|
Batting: RHB Ron Corn
|
0-0: Called Strike 0-1: Ground out 3-1 (Groundball, 13, EV 85.6 MPH)
|
|
Batting: SHB Francisco Gutierrez
|
0-0: Called Strike 0-1: Called Strike 0-2: Ball 1-2: Ball 2-2: Ball 3-2: Foul Ball, location: 2F 3-2: SINGLE (Line Drive, 78S, EV 96.9 MPH)
|
|
Batting: RHB Tom Primmer
|
0-0: Ball Francisco Gutierrez steals 2nd base 1-0: Foul Ball, location: 2F 1-1: Called Strike 1-2: Strikes out swinging
|
| Bottom of the 1st over - 0 runs, 1 hit, 0 errors, 1 left on base; Binghamton 2 - West Virginia 0 |
| TOP OF THE 2ND |
|
Binghamton Mets batting - Pitching for West Virginia Power : RHP Josh Markham
|
|
Batting: RHB Jake Hansford
|
0-0: Called Strike 0-1: Ball 1-1: Ground out 5-3 (Groundball, 56, EV 99.4 MPH)
|
|
Batting: RHB Dave Conde
|
0-0: Foul Ball, location: 2F 0-1: Ball 1-1: DOUBLE (Line Drive, 78D, EV 107.5 MPH)
|
|
Batting: LHB Tom Prayer
|
0-0: Swinging Strike 0-1: Ball 1-1: Ball 2-1: Called Strike 2-2: DOUBLE (Line Drive, 7LM, EV 109.4 MPH) Dave Conde scores
|
|
Batting: RHB Andy Solorzano
|
0-0: Called Strike 0-1: Called Strike 0-2: Foul Ball, location: 2F 0-2: Strikes out looking
|
|
Batting: SHB Alex Orozco
|
0-0: Ball 1-0: Foul Ball, location: 2F 1-1: Ball 2-1: Ball 3-1: Fly out, F8 (Flyball, 8RXD, EV 93.8 MPH)
|
| Top of the 2nd over - 1 run, 2 hits, 0 errors, 1 left on base; Binghamton 3 - West Virginia 0 |
| BOTTOM OF THE 2ND |
|
West Virginia Power batting - Pitching for Binghamton Mets : RHP Lawrence Luning
|
|
Batting: SHB Brad Day
|
0-0: Called Strike 0-1: Ground out U3 (Groundball, 34S, EV 68.8 MPH)
|
|
Batting: RHB Dennis Coppolino
|
0-0: Ball 1-0: Ball 2-0: Fly out, F9 (Flyball, 89XD, EV 106.2 MPH)
|
|
Batting: LHB Justin Harris
|
0-0: Ball 1-0: DOUBLE (Line Drive, 7LM, EV 103.1 MPH)
|
|
Batting: RHB Alfredo Medrano
|
0-0: Called Strike 0-1: Swinging Strike 0-2: Ball 1-2: Foul Ball, location: 2F 1-2: Foul Ball, location: 2F 1-2: Foul Ball, location: 2F 1-2: Ball 2-2: Ground out 4-3 (Groundball, 4, EV 88.1 MPH)
|
| Bottom of the 2nd over - 0 runs, 1 hit, 0 errors, 1 left on base; Binghamton 3 - West Virginia 0 |
| TOP OF THE 3RD |
|
Binghamton Mets batting - Pitching for West Virginia Power : RHP Josh Markham
|
|
Batting: LHB Nate Trahan
|
0-0: Called Strike 0-1: Ball 1-1: Foul Ball, location: 2F 1-2: Fly out, F9 (Flyball, 89M, EV 86.9 MPH)
|
|
Batting: LHB Willie Cintron
|
0-0: Ball 1-0: Ball 2-0: Foul Ball, location: 2F 2-1: Foul Ball, location: 2F 2-2: Ball 3-2: Strikes out swinging
|
|
Batting: RHB Chris Nelson
|
0-0: Ball 1-0: Reached on error, E6 (Groundball, 6, EV 103.1 MPH)
|
|
Batting: LHB Elmo Dreier
|
0-0: Ball 1-0: Called Strike 1-1: Called Strike 1-2: Ball 2-2: Fly out, F1 (Popup, P, EV 77.5 MPH)
|
| Top of the 3rd over - 0 runs, 0 hits, 1 error, 1 left on base; Binghamton 3 - West Virginia 0 |
| BOTTOM OF THE 3RD |
|
West Virginia Power batting - Pitching for Binghamton Mets : RHP Lawrence Luning
|
|
Batting: RHB Jesus Marquez
|
0-0: Ball 1-0: Ball 2-0: Foul Ball, location: 2F 2-1: DOUBLE (Line Drive, 78D, EV 110.6 MPH)
|
|
Batting: LHB Micah Boshnjaku
|
0-0: Foul Ball, location: 2F 0-1: Ball 1-1: Ball 2-1: Foul Ball, location: 2F 2-2: Strikes out looking
|
|
Batting: RHB Ron Corn
|
0-0: Ground out 6-3 (Groundball, 6M, EV 104.4 MPH) Jesus Marquez to third
|
|
Batting: SHB Francisco Gutierrez
|
0-0: Fly out, F8 (Flyball, 78D, EV 88.1 MPH)
|
| Bottom of the 3rd over - 0 runs, 1 hit, 0 errors, 1 left on base; Binghamton 3 - West Virginia 0 |
| TOP OF THE 4TH |
|
Binghamton Mets batting - Pitching for West Virginia Power : RHP Josh Markham
|
|
Batting: RHB Jake Hansford
|
0-0: Called Strike 0-1: Ball 1-1: Ball 2-1: Foul Ball, location: 2F 2-2: Ball 3-2: SOLO HOME RUN (Line Drive, 7D, EV 99.4 MPH), Distance : 376 ft
|
|
Batting: RHB Dave Conde
|
0-0: Ground out 6-3 (Groundball, 6, EV 99.4 MPH)
|
|
Batting: LHB Tom Prayer
|
0-0: Ball 1-0: Swinging Strike 1-1: Ball 2-1: Foul Ball, location: 2F 2-2: Ground out 3-1 (Groundball, 3L, EV 99.4 MPH)
|
|
Batting: RHB Andy Solorzano
|
0-0: Called Strike 0-1: Swinging Strike 0-2: Ball 1-2: Ball 2-2: Strikes out swinging
|
| Top of the 4th over - 1 run, 1 hit, 0 errors, 0 left on base; Binghamton 4 - West Virginia 0 |
| BOTTOM OF THE 4TH |
|
West Virginia Power batting - Pitching for Binghamton Mets : RHP Lawrence Luning
|
|
Batting: RHB Tom Primmer
|
0-0: Ball 1-0: Called Strike 1-1: Called Strike 1-2: Strikes out looking
|
|
Batting: SHB Brad Day
|
0-0: Ball 1-0: Ball 2-0: Fly out, F9 (Line Drive, 9, EV 93.1 MPH)
|
|
Batting: RHB Dennis Coppolino
|
0-0: Foul Ball, location: 2F 0-1: Ball 1-1: SOLO HOME RUN (Flyball, 7D, EV 98.8 MPH), Distance : 371 ft
|
|
Batting: LHB Justin Harris
|
0-0: Called Strike 0-1: Ball 1-1: Ball 2-1: Foul Ball, location: 2F 2-2: Hit by Pitch
|
|
Batting: RHB Alfredo Medrano
|
0-0: Ball 1-0: Reached on error, E5 (Groundball, 5, EV 85.0 MPH) Justin Harris to second
|
|
Batting: RHB Jesus Marquez
|
0-0: Called Strike 0-1: Ball 1-1: Called Strike 1-2: Foul Ball, location: 2F 1-2: Ground out U3 (Groundball, 34, EV 90.0 MPH)
|
| Bottom of the 4th over - 1 run, 1 hit, 1 error, 2 left on base; Binghamton 4 - West Virginia 1 |
| TOP OF THE 5TH |
|
Binghamton Mets batting - Pitching for West Virginia Power : RHP Josh Markham
|
|
Batting: SHB Alex Orozco
|
0-0: Ground out 4-3 (Groundball, 4, EV 78.1 MPH)
|
|
Batting: LHB Nate Trahan
|
0-0: Ball 1-0: Called Strike 1-1: Ball 2-1: Ball 3-1: Fly out, F8 (Flyball, 8RM, EV 85.6 MPH)
|
|
Batting: LHB Willie Cintron
|
0-0: Called Strike 0-1: Swinging Strike 0-2: Ball 1-2: Ground out 6-3 (Groundball, 6, EV 107.5 MPH)
|
| Top of the 5th over - 0 runs, 0 hits, 0 errors, 0 left on base; Binghamton 4 - West Virginia 1 |
| BOTTOM OF THE 5TH |
|
West Virginia Power batting - Pitching for Binghamton Mets : RHP Lawrence Luning
|
|
Batting: LHB Micah Boshnjaku
|
0-0: Ball 1-0: Foul Ball, location: 2F 1-1: Ball 2-1: SINGLE (Groundball, 56D, EV 107.5 MPH)
|
|
Batting: RHB Ron Corn
|
0-0: Ball Micah Boshnjaku steals 2nd base 1-0: Ball 2-0: Foul Ball, location: 2F 2-1: Foul Ball, location: 2F 2-2: Ball 3-2: Fly out, F8 (Flyball, 8LS, EV 94.4 MPH)
|
|
Batting: SHB Francisco Gutierrez
|
0-0: Called Strike 0-1: Swinging Strike 0-2: Fly out, F8 (Flyball, 8LXD, EV 93.1 MPH) Runner from 2nd tags up, SAFE at 3rd, no throw by CF
|
|
Batting: RHB Tom Primmer
|
0-0: Called Strike 0-1: Ball 1-1: Ground out 6-3 (Groundball, 6MS, EV 83.1 MPH)
|
| Bottom of the 5th over - 0 runs, 1 hit, 0 errors, 1 left on base; Binghamton 4 - West Virginia 1 |
| TOP OF THE 6TH |
|
Binghamton Mets batting - Pitching for West Virginia Power : RHP Josh Markham
|
|
Pitching: RHP Bobby Detmer
|
|
|
Batting: RHB Chris Nelson
|
0-0: Called Strike 0-1: Swinging Strike 0-2: Ball 1-2: Foul Ball, location: 2F 1-2: Foul Ball, location: 2F 1-2: Strikes out swinging
|
|
Batting: LHB Elmo Dreier
|
0-0: Ball 1-0: DOUBLE (Line Drive, 7LM, EV 102.5 MPH)
|
|
Batting: RHB Jake Hansford
|
0-0: Called Strike 0-1: Ball Elmo Dreier steals 3rd base 1-1: Called Strike 1-2: Strikes out swinging
|
|
Batting: RHB Dave Conde
|
0-0: Foul Ball, location: 2F 0-1: Swinging Strike 0-2: Foul Ball, location: 2F 0-2: Strikes out swinging
|
| Top of the 6th over - 0 runs, 1 hit, 0 errors, 1 left on base; Binghamton 4 - West Virginia 1 |
| BOTTOM OF THE 6TH |
|
West Virginia Power batting - Pitching for Binghamton Mets : RHP Lawrence Luning
|
|
Batting: SHB Brad Day
|
0-0: Ground out U3 (Groundball, 34S, EV 80.6 MPH)
|
|
Batting: RHB Dennis Coppolino
|
0-0: Foul Ball, location: 2F 0-1: Foul Ball, location: 2F 0-2: Ground out 2-3 (Groundball, 2L, EV 73.8 MPH)
|
|
Batting: LHB Justin Harris
|
0-0: Foul Ball, location: 2F 0-1: Ball 1-1: Foul Ball, location: 2F 1-2: SOLO HOME RUN (Flyball, 9D, EV 96.2 MPH), Distance : 359 ft
|
|
Batting: RHB Alfredo Medrano
|
0-0: Ball 1-0: Swinging Strike 1-1: Ball 2-1: Swinging Strike 2-2: Strikes out swinging
|
| Bottom of the 6th over - 1 run, 1 hit, 0 errors, 0 left on base; Binghamton 4 - West Virginia 2 |
| TOP OF THE 7TH |
|
Binghamton Mets batting - Pitching for West Virginia Power : RHP Bobby Detmer
|
|
Batting: LHB Tom Prayer
|
0-0: Ground out 1-3 (Groundball, 15S, EV 72.5 MPH)
|
|
Batting: RHB Andy Solorzano
|
0-0: Ball 1-0: Ball 2-0: Foul Ball, location: 2F 2-1: Swinging Strike 2-2: Strikes out swinging
|
|
Batting: SHB Alex Orozco
|
0-0: Called Strike 0-1: Foul Ball, location: 2F 0-2: Ball 1-2: Foul Ball, location: 2F 1-2: Strikes out looking
|
| Top of the 7th over - 0 runs, 0 hits, 0 errors, 0 left on base; Binghamton 4 - West Virginia 2 |
| BOTTOM OF THE 7TH |
|
West Virginia Power batting - Pitching for Binghamton Mets : RHP Lawrence Luning
|
|
Pitching: RHP Francis Cornick
|
|
|
Batting: RHB Jesus Marquez
|
0-0: Foul Ball, location: 2F 0-1: Ball 1-1: Foul Ball, location: 2F 1-2: Ball 2-2: Ground out 5-3 (Groundball, 56S, EV 81.2 MPH)
|
|
Batting: LHB Micah Boshnjaku
|
0-0: Ball 1-0: Called Strike 1-1: Ball 2-1: Foul Ball, location: 2F 2-2: Ball 3-2: Strikes out swinging
|
|
Batting: RHB Ron Corn
|
0-0: Called Strike 0-1: Foul Ball, location: 2F 0-2: Strikes out looking
|
| Bottom of the 7th over - 0 runs, 0 hits, 0 errors, 0 left on base; Binghamton 4 - West Virginia 2 |
| TOP OF THE 8TH |
|
Binghamton Mets batting - Pitching for West Virginia Power : RHP Bobby Detmer
|
|
Pitching: LHP Kunifusa Sakuma
|
|
|
Batting: LHB Nate Trahan
|
0-0: Ball 1-0: Ball 2-0: Called Strike 2-1: Ball 3-1: Fly out, F4 (Popup, 4, EV 59.4 MPH)
|
|
Batting: LHB Willie Cintron
|
0-0: Fly out, F9 (Flyball, 9, EV 88.8 MPH)
|
|
Batting: RHB Chris Nelson
|
0-0: Ground out 5-3 (Groundball, 5, EV 86.9 MPH)
|
| Top of the 8th over - 0 runs, 0 hits, 0 errors, 0 left on base; Binghamton 4 - West Virginia 2 |
| BOTTOM OF THE 8TH |
|
West Virginia Power batting - Pitching for Binghamton Mets : RHP Francis Cornick
|
|
Pitching: LHP Jonathan Gendron
|
|
|
Batting: SHB Francisco Gutierrez
|
0-0: Called Strike 0-1: Called Strike 0-2: Strikes out swinging
|
|
Batting: RHB Tom Primmer
|
0-0: Called Strike 0-1: Ball 1-1: Ball 2-1: Foul Ball, location: 2F 2-2: Ground out U3 (Groundball, 34S, EV 85.6 MPH)
|
|
Batting: SHB Brad Day
|
0-0: Ball 1-0: Ball 2-0: Ball 3-0: Base on Balls
|
|
Batting: RHB Dennis Coppolino
|
0-0: Called Strike 0-1: Foul Ball, location: 2F 0-2: Strikes out swinging
|
| Bottom of the 8th over - 0 runs, 0 hits, 0 errors, 1 left on base; Binghamton 4 - West Virginia 2 |
| TOP OF THE 9TH |
|
Binghamton Mets batting - Pitching for West Virginia Power : LHP Kunifusa Sakuma
|
|
Batting: LHB Elmo Dreier
|
0-0: Ball 1-0: Ball 2-0: Called Strike 2-1: Swinging Strike 2-2: Strikes out swinging
|
|
Batting: RHB Jake Hansford
|
0-0: Foul Ball, location: 2F 0-1: Ball 1-1: Swinging Strike 1-2: Strikes out swinging
|
|
Batting: RHB Dave Conde
|
0-0: Called Strike 0-1: Ball 1-1: Foul Ball, location: 2F 1-2: SINGLE (Groundball, 25, EV 68.8 MPH) (infield hit)
|
|
Batting: LHB Tom Prayer
|
0-0: Ball 1-0: Fielders Choice at 2nd, 6-4 (Groundball, 6, EV 93.1 MPH)
|
| Top of the 9th over - 0 runs, 1 hit, 0 errors, 1 left on base; Binghamton 4 - West Virginia 2 |
| BOTTOM OF THE 9TH |
|
West Virginia Power batting - Pitching for Binghamton Mets : LHP Jonathan Gendron
|
|
Pitching: RHP Amare Golden
|
|
|
Batting: LHB Justin Harris
|
0-0: Ball 1-0: Called Strike 1-1: Ground out 4-3 (Groundball, 4, EV 94.4 MPH)
|
|
Batting: RHB Alfredo Medrano
|
0-0: Called Strike 0-1: Called Strike 0-2: Strikes out looking
|
|
Pinch Hitting: LHB Alan Pumphrey
|
0-0: Ball 1-0: Called Strike 1-1: Ground out 4-3 (Groundball, 34D, EV 98.1 MPH)
|
| Bottom of the 9th over - 0 runs, 0 hits, 0 errors, 0 left on base; Binghamton 4 - West Virginia 2 |
|